 Dungeon Crawl Stone Soup version 0.30-a0-605-gb2882149bf (webtiles) character file.

Game seed: 6692683413066815682

1061 karrick the Ducker (level 8, -3/64 HPs)
             Began as a Gnoll Gladiator on Jan 7, 2023.
             Slain by an ice beast (6 damage)
             ... on level 6 of the Dungeon.
             The game lasted 00:13:13 (3962 turns).

karrick the Ducker (Gnoll Gladiator)                Turns: 3962, Time: 00:13:14

Health: -3/64      AC:  7    Str: 13    XL:     8   Next: 27%
Magic:  11/11      EV: 15    Int:  8    God:
Gold:   350        SH:  0    Dex: 16    Spells: 13/13 levels left

rFire   + . .      SeeInvis .    g - +1 whip (freeze)
rCold   + . .      Faith    .    (no shield)
rNeg    . . .      Spirit   .    b - +0 leather armour
rPois   +          Reflect  .    c - +0 helmet
rElec   +          Harm     .    (no cloak)
rCorr   +          Rampage  .    (no gloves)
Will    .....                    p - +0 pair of boots
Stlth   ++                       (no amulet)
HPRegen 0.30/turn                (no ring)
MPRegen 0.12/turn                (no ring)

@: mighty, resistant
A: fangs 1, strong nose, distributed training, iridescent scales 1, low MP 1
a: no special abilities


You were on level 6 of the Dungeon.
You visited 1 branch of the dungeon, and saw 6 of its levels.
You also visited: Sewer.

You collected 350 gold pieces.

Inventory:

Hand Weapons
 a - a +0 war axe
 g - a +1 whip of freezing (weapon)
Missiles
 d - 2 throwing nets (quivered)
 e - a javelin
Armour
 b - a +0 leather armour (worn)
 c - a +0 helmet (worn)
 p - a +0 pair of boots (worn)
Magical Staves
 D - a staff of poison
Jewellery
 E - a ring of fire
Wands
 C - a wand of flame (12)
Scrolls
 f - 4 scrolls of teleportation
 h - a scroll of noise {unknown}
 j - 2 scrolls of torment
 k - a scroll of magic mapping
 o - a scroll of immolation {unknown}
 r - 3 scrolls of identify
 s - a scroll of fear {unknown}
 t - 2 scrolls of enchant weapon {unknown}
 u - a scroll of enchant armour {unknown}
 w - 2 scrolls of vulnerability {unknown}
 x - 2 scrolls of silence {unknown}
 y - 2 scrolls of fog {unknown}
 A - a scroll of blinking {unknown}
 B - a scroll of amnesia {unknown}
Potions
 i - 2 potions of resistance
 l - a potion of haste
 m - 2 potions of mutation
 q - a potion of attraction {unknown}
 v - a potion of heal wounds {unknown}
 z - 5 potions of flight


   Skills:
 + Level 5.6 Fighting
 + Level 3.2 Short Blades
 + Level 3.2 Long Blades
 + Level 7.3 Axes
 + Level 3.2 Maces & Flails
 + Level 3.2 Polearms
 + Level 3.2 Staves
 + Level 3.2 Ranged Weapons
 + Level 5.6 Throwing
 + Level 3.2 Armour
 + Level 7.3 Dodging
 + Level 3.2 Stealth
 + Level 3.2 Shields
 + Level 3.2 Unarmed Combat
 + Level 3.2 Spellcasting
 + Level 2.6 Conjurations
 + Level 2.6 Hexes
 + Level 2.6 Summonings
 + Level 2.6 Necromancy
 + Level 2.6 Translocations
 + Level 2.6 Transmutations
 + Level 2.6 Fire Magic
 + Level 2.6 Ice Magic
 + Level 2.6 Air Magic
 + Level 2.6 Earth Magic
 + Level 2.6 Poison Magic
 + Level 3.5 Invocations
 + Level 3.2 Evocations


You had 13 spell levels left.
You didn't know any spells.
Your spell library was empty.

Dungeon Overview and Level Annotations

Branches:
Dungeon (6/15)              Sewer (visited)
 Temple: D:4-7

Altars:
Ashenzari
Elyvilon
Zin

Annotations:
D:4 Sigmund
D:5 Grinder


Innate Abilities, Weirdness & Mutations

You have very sharp teeth.
Your uncanny sense of smell can sniff out nearby items.
Your experience applies equally to all skills.
You are partially covered in iridescent scales. (AC +2)
Your magical capacity is low. (-10% MP)


Message History

You barely miss something.
You feel sick.
As you read the scroll of teleportation, it crumbles to dust.
You feel strangely unstable.
You feel sick. Something hits you but does no damage.
The orc throws a boomerang.
The boomerang hits you.
The orc priest begins to cast a cantrip, but forgets the words!
You feel sick.
The orc throws a boomerang.
The orc priest looks encouraged for a moment.
You feel sick.
You feel sick.
A magic dart appears from out of thin air!
The magic dart hits you.
* * * LOW HITPOINT WARNING * * *
Your surroundings suddenly seem different.
Found a scroll labelled FONTEBRICLI.
You feel sick.
Okay, then.
You feel protected.
You feel sick.
You are no longer poisoned.
You barely miss the ice beast. You bite the ice beast.
The ice beast is lightly wounded.
The ice beast hits you but does no damage.
You completely miss the ice beast. Your punch misses the ice beast.
The ice beast is lightly wounded.
The ice beast misses you.
You closely miss the ice beast. Your bite misses the ice beast.
The ice beast is lightly wounded.
The ice beast barely misses you.
You completely miss the ice beast.
The ice beast is lightly wounded.
The ice beast hits you.
* * * LOW HITPOINT WARNING * * *
The ice beast freezes you. You resist.
* * * LOW HITPOINT WARNING * * *
You closely miss the ice beast. You punch the ice beast.
The ice beast is moderately wounded.
The ice beast hits you.
* * * LOW HITPOINT WARNING * * *
The ice beast freezes you. You resist.
You die...

.# ## ..
... .# #...
.#....#
.#...##
....##.
####...##..
#..@Y..#⌠.?
#.##...##..
# ....##.
##...##
....# #...
#.. ##


You could see an ice beast.

Vanquished Creatures
  Pikel (D:4)
  An ogre (D:5)
  A scorpion (D:4)
  A necrophage (D:5)
  A hound (D:5)
  An orc priest (D:6)
  Ijyb (D:4)
  3 orc wizards (D:6)
  10 adders
  5 river rats
  2 worms (Sewer)
  2 dart slugs (D:1)
  6 orcs
  10 ball pythons
  4 endoplasms
  6 giant cockroaches
  3 goblins
  2 hobgoblins (D:1)
  9 jackals
  4 quokkas
  10 bats
  5 kobolds
  3 rats
91 creatures vanquished.

Notes
Turn   | Place    | Note
-------+----------+-------------------------------------------
     0 | D:1      | karrick the Gnoll Gladiator began the quest for the Orb.
     0 | D:1      | Reached XP level 1. HP: 20/20 MP: 1/1
   207 | D:1      | Reached XP level 2. HP: 25/26 MP: 2/2
   620 | D:2      | Reached XP level 3. HP: 31/31 MP: 2/4
   783 | D:2      | Reached skill level 1 in Invocations
   906 | D:2      | Reached skill level 1 in Short Blades
   906 | D:2      | Reached skill level 1 in Long Blades
   906 | D:2      | Reached skill level 1 in Maces & Flails
   906 | D:2      | Reached skill level 1 in Polearms
   906 | D:2      | Reached skill level 1 in Staves
   906 | D:2      | Reached skill level 1 in Ranged Weapons
   906 | D:2      | Reached skill level 1 in Armour
   906 | D:2      | Reached skill level 1 in Stealth
   906 | D:2      | Reached skill level 1 in Shields
   906 | D:2      | Reached skill level 1 in Unarmed Combat
   906 | D:2      | Reached skill level 1 in Spellcasting
   906 | D:2      | Reached skill level 1 in Evocations
   967 | D:2      | Found a white marble altar of Elyvilon.
  1373 | D:3      | Reached XP level 4. HP: 38/38 MP: 5/5
  1455 | D:3      | Reached skill level 1 in Conjurations
  1455 | D:3      | Reached skill level 1 in Hexes
  1455 | D:3      | Reached skill level 1 in Summonings
  1455 | D:3      | Reached skill level 1 in Necromancy
  1455 | D:3      | Reached skill level 1 in Translocations
  1455 | D:3      | Reached skill level 1 in Transmutations
  1455 | D:3      | Reached skill level 1 in Fire Magic
  1455 | D:3      | Reached skill level 1 in Ice Magic
  1455 | D:3      | Reached skill level 1 in Air Magic
  1455 | D:3      | Reached skill level 1 in Earth Magic
  1455 | D:3      | Reached skill level 1 in Poison Magic
  1770 | D:4      | Found a broken altar of Ashenzari.
  1790 | D:4      | Noticed an ogre
  1814 | D:4      | Noticed a scorpion
  1827 | D:5      | Entered Level 5 of the Dungeon
  1848 | D:4      | Found a glowing silver altar of Zin.
  1878 | D:4      | Noticed a lemure
  1880 | D:4      | Noticed Pikel
  1881 | D:4      | Noticed a lemure
  1884 | D:4      | Noticed a lemure
  1884 | D:4      | Noticed a lemure
  1896 | D:4      | Gained mutation: Your magical capacity is low. (-10% MP)
                  | [potion of mutation]
  1896 | D:4      | Gained mutation: You are partially covered in iridescent
                  | scales. (AC +2) [potion of mutation]
  1901 | D:4      | Killed Pikel
  1902 | D:4      | Reached skill level 5 in Fighting
  1902 | D:4      | Reached skill level 5 in Throwing
  1902 | D:4      | Reached XP level 5. HP: 11/44 MP: 5/7
  1902 | D:4      | Reached XP level 6. HP: 13/51 MP: 5/8
  1902 | D:4      | Reached XP level 7. HP: 14/56 MP: 5/9
  1957 | D:4      | Found a glowing drain.
  1966 | Sewer    | Entered a sewer
  2859 | D:4      | Noticed Ijyb
  2875 | D:4      | Killed Ijyb
  3002 | D:4      | Noticed Sigmund
  3130 | D:5      | Reached XP level 8. HP: 63/63 MP: 11/11
  3441 | D:5      | Noticed Grinder
  3445 | D:5      | Paralysed by Grinder for 5 turns
  3962 | D:6      | HP: 3/64 [ice beast (2)]
  3962 | D:6      | Slain by an ice beast

Illustrated notes

Levels and vault maps discovered:
D:1:      eino_arrival_druids_welcome, layout_loops_cross, feat_on_display
D:2:      layout_rooms, basic_altar
D:3:      layout_basic
D:4:      layout_layer_cave, ashenzari_conservatory_becter,
          mainiacjoe_overflow_concentric_impassable, portal_sewer_entry_a,
          wad_orctagon, uniq_ijyb, uniq_pikel, uniq_sigmund
D:5:      layout_gridville, uniq_edmund, uniq_grinder, uniq_crazy_yiuf_cottage
D:6:      layout_loops_ring, mainiacjoe_overflow_alcove_2,
          lemuel_temple_firewalk_a, hellmonk_ghost_happy_afterlife, hex_large

Skill      XL: |  1  2  3  4  5  6  7 |
---------------+----------------------+-----
Invocations    | 1 2 3 |  3.5
Short Blades   | 1 2 3 |  3.2
Long Blades    | 1 2 3 |  3.2
Maces & Flails | 1 2 3 |  3.2
Polearms       | 1 2 3 |  3.2
Staves         | 1 2 3 |  3.2
Ranged Weapons | 1 2 3 |  3.2
Armour         | 1 2 3 |  3.2
Stealth        | 1 2 3 |  3.2
Shields        | 1 2 3 |  3.2
Unarmed Combat | 1 2 3 |  3.2
Spellcasting   | 1 2 3 |  3.2
Evocations     | 1 2 3 |  3.2
Conjurations   | 2 |  2.6
Hexes          | 2 |  2.6
Summonings     | 2 |  2.6
Necromancy     | 2 |  2.6
Translocations | 2 |  2.6
Transmutations | 2 |  2.6
Fire Magic     | 2 |  2.6
Ice Magic      | 2 |  2.6
Air Magic      | 2 |  2.6
Earth Magic    | 2 |  2.6
Poison Magic   | 2 |  2.6
Fighting       | 5 |  5.6
Axes           | 7 |  7.3
Throwing       | 5 |  5.6
Dodging        | 7 |  7.3

Action                   |  1- 3 |  4- 6 |  7- 9 || total
-------------------------+-------+-------+-------++-------
Melee: War axe           |    77 |    48 |   162 ||   287
       Bite              |     3 |     6 |    18 ||    27
       Punch             |     1 |     3 |     6 ||    10
       Whip              |       |       |    36 ||    36
Throw: Throwing net      |       |     1 |       ||     1
  Use: Potion            |       |     5 |     3 ||     8
       Scroll            |       |       |     6 ||     6
 Stab: Sleeping          |     1 |       |     4 ||     5
Armor: Leather armour    |    23 |    15 |    76 ||   114
Dodge: Dodged            |    72 |    34 |   188 ||   294

Table legend: (Time is in decaauts)
 A = Elapsed time spent in this place.
 B = Non-inter-level travel time spent in this place.
 C = Inter-level travel time spent in this place.
 D = Time resting spent in this place.
 E = Time spent auto-exploring this place.
 F = Levels seen in this place.
 G = Mean time per level.
                   A        B        C        D        E       F      G
               +--------+--------+--------+--------+--------+-----+--------+
         Total |   4167 |   4024 |    143 |    180 |   2849 |   7 |  595.3 |
       Dungeon |   3226 |   3083 |    143 |    180 |   2156 |   6 |  537.7 |
         Sewer |    940 |    940 |      0 |      0 |    693 |   1 |  940.0 |
               +--------+--------+--------+--------+--------+-----+--------+

Top non-repeatable levels by time:
   Sewer: 940 daAuts
     D:3: 726 daAuts
     D:1: 640 daAuts
     D:2: 507 daAuts
     D:6: 488 daAuts
     D:5: 474 daAuts
     D:4: 390 daAuts
